SNL (28 & UNDER)
MEMPHIS BLUES @ WICHITA WRANGLERS
06/26/2028
 
TOP OF THE 1ST
Memphis Blues batting - Pitching for Wichita Wranglers : LHP Jeff Sandusky
Pitching: LHP Jeff Sandusky
Batting: RHB Emílio Bruno 0-0: Called Strike
0-1: Ball
1-1: Ball
2-1: Ball
3-1: Base on Balls
Batting: RHB Lorenzo Mota 0-0: Ball
1-0: Foul Ball, location: 2F
1-1: Foul Ball, location: 2F
1-2: SINGLE (Line Drive, 6MD)
Emílio Bruno to second
Batting: LHB Chris Austin 0-0: Ball
1-0: Ball
2-0: Called Strike
2-1: Called Strike
2-2: Strikes out swinging
Batting: LHB Alan McGilroy 0-0: Ball
1-0: Called Strike
1-1: Ball
2-1: Foul Ball, location: 2F
2-2: Ground out U3 (Groundball, 34S)
Emílio Bruno to third
Lorenzo Mota to second
Batting: SHB Terry Dailey 0-0: Foul Ball, location: 2F
0-1: Foul Ball, location: 2F
0-2: Ball
1-2: Strikes out swinging
Top of the 1st over - 0 run(s), 1 hit(s), 0 error(s), 2 left on base; Memphis 0 - Wichita 0
BOTTOM OF THE 1ST
Wichita Wranglers batting - Pitching for Memphis Blues : LHP Joe Barnes
Pitching: LHP Joe Barnes
Batting: RHB Gabriel Erwin 0-0: Ball
1-0: Foul Ball, location: 2F
1-1: Ground out 6-3 (Groundball, 6S)
Batting: SHB José López 0-0: Called Strike
0-1: Called Strike
0-2: Ball
1-2: Foul Ball, location: 2F
1-2: TRIPLE (Flyball, 78XD)
Batting: RHB Hubert MacDonald 0-0: Ball
1-0: Ball
2-0: Swinging Strike
2-1: Ball
3-1: Base on Balls
Batting: RHB Oliver Todd 0-0: Swinging Strike
0-1: Ball
1-1: Ball
2-1: Fly out, F7 (Flyball, 78M)
Runner from 3rd tags up, OUT at HOME
Bottom of the 1st over - 0 run(s), 1 hit(s), 0 error(s), 1 left on base; Memphis 0 - Wichita 0
TOP OF THE 2ND
Memphis Blues batting - Pitching for Wichita Wranglers : LHP Jeff Sandusky
Batting: RHB Jaime Spiridon 0-0: Called Strike
0-1: Hit by Pitch
Batting: RHB Peter Bishop 0-0: Ball
1-0: Foul Ball, location: 2F
1-1: DOUBLE (Line Drive, 7LM)
Jaime Spiridon to third
Batting: RHB Roberto Gómez 0-0: Foul Ball, location: 2F
0-1: SINGLE (Line Drive, 34D)
Jaime Spiridon scores
Peter Bishop to third
Runner from 3rd tries for Home, SAFE, no throw
Batting: RHB David Crespo 0-0: Called Strike
0-1: Called Strike
0-2: Ball
1-2: Strikes out swinging
Batting: RHB Emílio Bruno 0-0: Called Strike
0-1: Ball
1-1: Called Strike
1-2: Ball
2-2: Ball
3-2: Fly out, F9 (Line Drive, 89D)
Runner from 1st tags up, SAFE at 2nd
Batting: RHB Lorenzo Mota 0-0: Ball
1-0: Ball
2-0: Called Strike
2-1: Foul Ball, location: 2F
2-2: Strikes out swinging
Top of the 2nd over - 2 run(s), 2 hit(s), 0 error(s), 1 left on base; Memphis 2 - Wichita 0
BOTTOM OF THE 2ND
Wichita Wranglers batting - Pitching for Memphis Blues : LHP Joe Barnes
Batting: RHB Félix Gonzáles 0-0: Called Strike
0-1: Ground out U3 (Groundball, 34)
Batting: LHB Milo Powers 0-0: Called Strike
0-1: Called Strike
0-2: Strikes out looking
Batting: LHB Richard Hinkle 0-0: Called Strike
0-1: SINGLE (Groundball, 4D)
Batting: RHB José López 0-0: Ball
1-0: Ball
2-0: Called Strike
2-1: Fly out, F8 (Flyball, 8LXD)
Bottom of the 2nd over - 0 run(s), 1 hit(s), 0 error(s), 1 left on base; Memphis 2 - Wichita 0
TOP OF THE 3RD
Memphis Blues batting - Pitching for Wichita Wranglers : LHP Jeff Sandusky
Batting: LHB Chris Austin 0-0: Ball
1-0: Swinging Strike
1-1: Ball
2-1: Ball
3-1: Swinging Strike
3-2: Foul Ball, location: 2F
3-2: Foul Ball, location: 2F
3-2: Foul Ball, location: 2F
3-2: Ground out 4-3 (Groundball, 4)
Batting: LHB Alan McGilroy 0-0: Called Strike
0-1: Ball
1-1: Foul Ball, location: 2F
1-2: Strikes out looking
Batting: SHB Terry Dailey 0-0: Called Strike
0-1: Called Strike
0-2: Fly out, F2 (Popup, P)
Top of the 3rd over - 0 run(s), 0 hit(s), 0 error(s), 0 left on base; Memphis 2 - Wichita 0
BOTTOM OF THE 3RD
Wichita Wranglers batting - Pitching for Memphis Blues : LHP Joe Barnes
Batting: RHB Jesús Ramos 0-0: Foul Ball, location: 2F
0-1: Ball
1-1: Ground out 6-3 (Groundball, 6)
Batting: RHB Gabriel Erwin 0-0: Ball
1-0: Foul Ball, location: 2F
1-1: Ball
2-1: Ball
3-1: Base on Balls
Batting: SHB José López 0-0: Ball
1-0: Swinging Strike
1-1: Ball
2-1: Fly out, F8 (Flyball, 8LD)
Runner from 1st tags up, SAFE at 2nd
Batting: RHB Hubert MacDonald 0-0: Ball
1-0: Ball
2-0: Ball
3-0: Base on Balls
Batting: RHB Oliver Todd 0-0: Ball
1-0: Swinging Strike
1-1: Foul Ball, location: 2F
1-2: Foul Ball, location: 2F
1-2: Fly out, F7 (Flyball, 78XD)
Bottom of the 3rd over - 0 run(s), 0 hit(s), 0 error(s), 2 left on base; Memphis 2 - Wichita 0
TOP OF THE 4TH
Memphis Blues batting - Pitching for Wichita Wranglers : LHP Jeff Sandusky
Batting: RHB Jaime Spiridon 0-0: Called Strike
0-1: Ball
1-1: Foul Ball, location: 2F
1-2: Ball
2-2: Ball
3-2: Fly out, F4 (Popup, 34)
Batting: RHB Peter Bishop 0-0: Ball
1-0: Foul Ball, location: 2F
1-1: Ball
2-1: Ball
3-1: Foul Ball, location: 2F
3-2: Fly out, F8 (Flyball, 89M)
Batting: RHB Roberto Gómez 0-0: Called Strike
0-1: Foul Ball, location: 2F
0-2: Foul Ball, location: 2F
0-2: Ball
1-2: Ball
2-2: Ball
3-2: Foul Ball, location: 2F
3-2: Base on Balls
Batting: RHB David Crespo 0-0: Foul Ball, location: 2F
0-1: Ball
1-1: SINGLE (Line Drive, 56D)
Roberto Gómez to second
Batting: RHB Emílio Bruno 0-0: SINGLE (Groundball, 6MD)
Roberto Gómez to third
David Crespo to second
Runner from 3rd tries for Home, SAFE, no throw
Batting: RHB Lorenzo Mota 0-0: Ball
1-0: Ball
2-0: Called Strike
2-1: Foul Ball, location: 2F
2-2: Strikes out swinging
Top of the 4th over - 1 run(s), 2 hit(s), 0 error(s), 2 left on base; Memphis 3 - Wichita 0
BOTTOM OF THE 4TH
Wichita Wranglers batting - Pitching for Memphis Blues : LHP Joe Barnes
Batting: RHB Félix Gonzáles 0-0: Ball
1-0: Ball
2-0: Ball
3-0: Foul Ball, location: 2F
3-1: Foul Ball, location: 2F
3-2: Foul Ball, location: 2F
3-2: Ground out 6-3 (Groundball, 6)
Batting: LHB Milo Powers 0-0: Swinging Strike
0-1: Ball
1-1: Ball
2-1: Ball
3-1: Foul Ball, location: 2F
3-2: Ground out U3 (Groundball, 3S)
Batting: LHB Richard Hinkle 0-0: Ball
1-0: Swinging Strike
1-1: Ball
2-1: Swinging Strike
2-2: Ball
3-2: SOLO HOME RUN (Flyball, 89XD), Distance : 399 ft
Batting: RHB José López 0-0: Ground out 5-3 (Groundball, 56S)
Bottom of the 4th over - 1 run(s), 1 hit(s), 0 error(s), 0 left on base; Memphis 3 - Wichita 1
TOP OF THE 5TH
Memphis Blues batting - Pitching for Wichita Wranglers : LHP Jeff Sandusky
Batting: LHB Chris Austin 0-0: Ball
1-0: SINGLE (Line Drive, 7S)
Batting: LHB Alan McGilroy 0-0: Ball
1-0: Fly out, F8 (Line Drive, 8LS)
Batting: SHB Terry Dailey 0-0: Called Strike
0-1: Foul Ball, location: 2F
0-2: Ball
1-2: Fielders Choice at 2nd, 5-4 (Groundball, 56)
Pitching: RHP Lester Williams
Batting: RHB Jaime Spiridon 0-0: Ball
1-0: Foul Ball, location: 2F
1-1: Ball
2-1: Ball
Terry Dailey is caught stealing 2nd base
Top of the 5th over - 0 run(s), 1 hit(s), 0 error(s), 0 left on base; Memphis 3 - Wichita 1
BOTTOM OF THE 5TH
Wichita Wranglers batting - Pitching for Memphis Blues : LHP Joe Barnes
Batting: RHB Jesús Ramos 0-0: Ball
1-0: Ball
2-0: Ball
3-0: Base on Balls
Batting: RHB Gabriel Erwin 0-0: Ball
1-0: Foul Ball, location: 2F
1-1: Called Strike
1-2: Ball
Jesús Ramos is caught stealing 2nd base
2-2: Ball
3-2: SINGLE (Line Drive, 7S)
Batting: SHB José López 0-0: Ball
1-0: Called Strike
1-1: Ball
2-1: Ball
3-1: Base on Balls
Gabriel Erwin to second
Batting: RHB Hubert MacDonald 0-0: Foul Ball, location: 2F
0-1: SINGLE (Line Drive, 6MD)
Gabriel Erwin to third
José López to second
Batting: RHB Oliver Todd 0-0: Ball
1-0: Ball
2-0: Ball
3-0: Called Strike
3-1: SINGLE (Flyball, 78S)
Gabriel Erwin scores
José López to third
Hubert MacDonald to second
Runner from 3rd tries for Home, SAFE, no throw
Pitching: RHP Micheal Wood
Batting: RHB Félix Gonzáles 0-0: Ball
1-0: Fly out, F9 (Flyball, 9S)
Batting: LHB Milo Powers 0-0: Ball
1-0: Ball
2-0: Foul Ball, location: 2F
2-1: Foul Ball, location: 2F
2-2: Foul Ball, location: 2F
2-2: Foul Ball, location: 2F
2-2: Foul Ball, location: 2F
2-2: Hit by Pitch
Hubert MacDonald to third
Oliver Todd to second
Batting: LHB Richard Hinkle 0-0: Called Strike
0-1: Ball
1-1: Swinging Strike
1-2: Ball
2-2: Foul Ball, location: 2F
2-2: Foul Ball, location: 2F
2-2: Strikes out swinging
Bottom of the 5th over - 2 run(s), 3 hit(s), 0 error(s), 3 left on base; Memphis 3 - Wichita 3
TOP OF THE 6TH
Memphis Blues batting - Pitching for Wichita Wranglers : RHP Lester Williams
Batting: RHB Jaime Spiridon 0-0: Called Strike
0-1: Fly out, F7 (Line Drive, 7LD)
Batting: RHB Peter Bishop 0-0: Called Strike
0-1: Called Strike
0-2: Foul Ball, location: 2F
0-2: Fly out, F9 (Flyball, 89S)
Batting: RHB Roberto Gómez 0-0: Foul Ball, location: 2F
0-1: Swinging Strike
0-2: Ball
1-2: Ball
2-2: Ball
3-2: Foul Ball, location: 2F
3-2: Ground out 1-3 (Groundball, P)
Top of the 6th over - 0 run(s), 0 hit(s), 0 error(s), 0 left on base; Memphis 3 - Wichita 3
BOTTOM OF THE 6TH
Wichita Wranglers batting - Pitching for Memphis Blues : RHP Micheal Wood
Batting: RHB José López 0-0: Ball
1-0: Ball
2-0: Called Strike
2-1: Foul Ball, location: 2F
2-2: Fly out, F9 (Flyball, 9S)
Batting: RHB Jesús Ramos 0-0: Called Strike
0-1: Ball
1-1: Foul Ball, location: 2F
1-2: Strikes out swinging
Batting: RHB Gabriel Erwin 0-0: Called Strike
0-1: Ball
1-1: Ball
2-1: Ball
3-1: Base on Balls
Batting: SHB José López 0-0: Ball
1-0: Ball
2-0: Fielders Choice at 2nd, 5-4 (Groundball, 56)
Bottom of the 6th over - 0 run(s), 0 hit(s), 0 error(s), 0 left on base; Memphis 3 - Wichita 3
TOP OF THE 7TH
Memphis Blues batting - Pitching for Wichita Wranglers : RHP Lester Williams
Batting: RHB David Crespo 0-0: Ball
1-0: Foul Ball, location: 2F
1-1: Foul Ball, location: 2F
1-2: Ball
2-2: Foul Ball, location: 2F
2-2: Fly out, F9 (Flyball, 9)
Pinch Hitting: LHB Mel Jones 0-0: Called Strike
0-1: Ball
1-1: Swinging Strike
1-2: Ball
2-2: Ground out U3 (Groundball, 3L)
Batting: RHB Lorenzo Mota 0-0: Swinging Strike
0-1: Ball
1-1: Foul Ball, location: 2F
1-2: Strikes out swinging
Top of the 7th over - 0 run(s), 0 hit(s), 0 error(s), 0 left on base; Memphis 3 - Wichita 3
BOTTOM OF THE 7TH
Wichita Wranglers batting - Pitching for Memphis Blues : RHP Micheal Wood
Now in CF: Mel Jones
Pinch Hitting: RHB Jorge Barbosa 0-0: Swinging Strike
0-1: SOLO HOME RUN (Flyball, 7D), Distance : 357 ft
Batting: RHB Oliver Todd 0-0: Ball
1-0: Fly out, F8 (Flyball, 78D)
Batting: RHB Félix Gonzáles 0-0: Foul Ball, location: 2F
0-1: Ball
1-1: Ball
2-1: Ball
3-1: Base on Balls
Batting: LHB Milo Powers 0-0: Ball
1-0: Swinging Strike
1-1: Called Strike
1-2: Ball
2-2: Foul Ball, location: 2F
2-2: Ball
3-2: Fly out, F9 (Flyball, 89XD)
Batting: LHB Richard Hinkle 0-0: Called Strike
0-1: Ball
1-1: DOUBLE (Flyball, 7LD)
Félix Gonzáles to third
Runner from 3rd tries for Home, SAFE, throw made home
Batting: RHB José López 0-0: Called Strike
0-1: Swinging Strike
0-2: SINGLE (Flyball, 7S)
Richard Hinkle to third
Pinch Hitting: SHB Wayne Matthews 0-0: Ball
1-0: SINGLE (Groundball, 34) (infield hit)
Richard Hinkle scores
José López to second
Pitching: LHP Mario Galván
Batting: RHB Gabriel Erwin 0-0: Foul Ball, location: 2F
0-1: Ball
1-1: Ball
2-1: Swinging Strike
2-2: Foul Ball, location: 2F
2-2: Foul Ball, location: 2F
2-2: Ball
3-2: Foul Ball, location: 2F
3-2: Base on Balls
José López to third
Wayne Matthews to second
Batting: SHB José López 0-0: Called Strike
0-1: Ball
1-1: Swinging Strike
1-2: GRAND SLAM HOME RUN (Flyball, 78XD), Distance : 391 ft
Batting: RHB Jorge Barbosa 0-0: Ball
1-0: Ball
2-0: Called Strike
2-1: Ball
3-1: Swinging Strike
3-2: Foul Ball, location: 2F
3-2: Strikes out swinging
Bottom of the 7th over - 7 run(s), 5 hit(s), 0 error(s), 0 left on base; Memphis 3 - Wichita 10
TOP OF THE 8TH
Memphis Blues batting - Pitching for Wichita Wranglers : RHP Lester Williams
Now at 3B: Wayne Matthews
Now at SS: Juan Glaviz
Batting: LHB Chris Austin 0-0: Ball
1-0: Fly out, F7 (Flyball, 7LS)
Batting: LHB Alan McGilroy 0-0: Ball
1-0: Called Strike
1-1: Ball
2-1: Ball
3-1: Swinging Strike
3-2: Fly out, F8 (Flyball, 89D)
Batting: SHB Terry Dailey 0-0: Fly out, F9 (Flyball, 9S)
Top of the 8th over - 0 run(s), 0 hit(s), 0 error(s), 0 left on base; Memphis 3 - Wichita 10
BOTTOM OF THE 8TH
Wichita Wranglers batting - Pitching for Memphis Blues : LHP Mario Galván
Batting: RHB Oliver Todd 0-0: Foul Ball, location: 2F
0-1: Fly out, F9 (Flyball, 9S)
Batting: RHB Félix Gonzáles 0-0: Foul Ball, location: 2F
0-1: Ball
1-1: Called Strike
1-2: Foul Ball, location: 2F
1-2: Strikes out swinging
Batting: LHB Milo Powers 0-0: Called Strike
0-1: Ball
1-1: Ball
2-1: SINGLE (Groundball, 34D)
Batting: LHB Richard Hinkle 0-0: Ball
1-0: Ball
2-0: Fly out, F8 (Flyball, 8RS)
Bottom of the 8th over - 0 run(s), 1 hit(s), 0 error(s), 1 left on base; Memphis 3 - Wichita 10
TOP OF THE 9TH
Memphis Blues batting - Pitching for Wichita Wranglers : RHP Lester Williams
Now at 2B: Lewis Woods
Batting: RHB Jaime Spiridon 0-0: Ground out 6-3 (Groundball, 6)
Batting: RHB Peter Bishop 0-0: Called Strike
0-1: Ball
1-1: Fly out, F8 (Flyball, 78M)
Batting: RHB Roberto Gómez 0-0: Foul Ball, location: 2F
0-1: Ball
1-1: Ball
2-1: Fly out, F9 (Flyball, 9)
Top of the 9th over - 0 run(s), 0 hit(s), 0 error(s), 0 left on base; Memphis 3 - Wichita 10
Tuesday, August 8th, 2017 - OOTP Baseball 17.12 Build 75